 Dungeon Crawl Stone Soup version 0.29.1-12-g30fa7ad0bf (webtiles) character file.

Game seed: 3653097949918582430

21 Pepete the Shield-Bearer (level 3, -7/29 HPs)
             Began as a Formicid Fighter on Dec 24, 2022.
             Mangled by Sigmund
             ... wielding a +0 scythe
              (15 damage)
             ... on level 2 of the Dungeon.
             The game lasted 00:01:43 (940 turns).

Pepete the Shield-Bearer (Formicid Fighter)          Turns: 940, Time: 00:01:44

Health: -7/29      AC:  6    Str: 22    XL:     3   Next: 2%
Magic:  3/3        EV:  9    Int:  7    God:
Gold:   55         SH:  5    Dex: 13    Spells: 2/2 levels left

rFire   . . .      SeeInvis +   a - +0 war axe
rCold   . . .      Faith    .   c - +0 buckler
rNeg    . . .      Spirit   .   b - +0 scale mail
rPois   .          Reflect  .   (helmet unavailable)
rElec   .          Harm     .   (no cloak)
rCorr   .          Rampage  .   (no gloves)
Will    .....                   (no boots)
Stlth   ..........              (no amulet)
HPRegen 0.09/turn               (no ring)
MPRegen 0.08/turn               (no ring)

@: mighty
A: permanent stasis, dig shafts and tunnels, antennae 3, four strong arms
a: Dig, Shaft Self


You were on level 2 of the Dungeon.
You visited 1 branch of the dungeon, and saw 2 of its levels.

You collected 55 gold pieces.

Inventory:

Hand Weapons
 a - a +0 war axe (weapon)
Armour
 b - a +0 scale mail (worn)
 c - a +0 buckler (worn)
Scrolls
 g - a scroll of noise {unknown}
 h - a scroll of summoning
 i - a scroll of teleportation {unknown}
Potions
 e - a potion of degeneration {unknown}
 f - 2 potions of curing {unknown}
 j - a potion of attraction {unknown}


   Skills:
 + Level 3.6 Fighting
 + Level 2.1 Axes
 + Level 3.5 Armour
 + Level 4.5 Shields


You had 2 spell levels left.
You didn't know any spells.
Your spell library was empty.

Dungeon Overview and Level Annotations

Branches:
Dungeon (2/15)

Altars:

Annotations:
D:2 Sigmund


Innate Abilities, Weirdness & Mutations

You cannot be hasted, slowed, berserked, paralysed or teleported.
You can dig through walls and to a lower floor.
You have a pair of large antennae on your head. (SInv)
Your four strong arms can wield two-handed weapons with a shield.


Message History

The ball python hisses angrily.
A ball python is nearby!
A ball python is nearby!
Sigmund the Dreaded comes into view.
He is wielding a +0 scythe.
Found a scroll labelled EKIENY VUAN ZOALIU.
Sigmund shouts!
Sigmund gestures at you while chanting. The magic dart hits you!
There are monsters nearby!
There are monsters nearby!
You closely miss the ball python.
The ball python bites you but does no damage.
The ball python grabs you. The ball python constricts you.
Sigmund says, "Don't worry, I'll kill you fast."
You hit the ball python.
You kill the ball python!
Sigmund casts a spell at you. The magic dart hits you.
You have reached level 3!
Your experience leads to an increase in your attributes!
Increase (S)trength, (I)ntelligence, or (D)exterity?
You feel stronger. x2
You feel very mighty all of a sudden.
Sigmund drinks a potion.
Sigmund seems to grow stronger.
You barely miss Sigmund. Sigmund barely misses you.
You slash Sigmund!
Sigmund is moderately wounded.
Sigmund closely misses you.
You slash Sigmund!
Sigmund is severely wounded.
Sigmund closely misses you.
You barely miss Sigmund.
Sigmund is severely wounded.
Sigmund hits you with a +0 scythe!
* * * LOW HITPOINT WARNING * * *
You completely miss Sigmund.
Sigmund is severely wounded.
Sigmund hits you with a +0 scythe!
Ouch! That really hurt!
You die...

####.#
###.##.P#..##.....##...
.)#
###..P#..##...#.....#
..#
.PP..~~..#....#..##.# ..
~~~~~.#...........#.. .#
#PPPP.#......(###.#..
#.?####. #..####........
......####.####.........
.......(....##..........
......@@................
.........#.###..........
...........# #..........
........#...............
..............#........#
.......)..$.............
........................
........................


You could see Sigmund (strong).

Vanquished Creatures
  A worm (D:2)
  A ball python (D:2)
  2 endoplasms (D:1)
  2 goblins
  3 hobgoblins (D:1)
  3 kobolds
  A bat (D:1)
  4 rats (D:1)
17 creatures vanquished.

Notes
Turn   | Place    | Note
-------+----------+-------------------------------------------
     0 | D:1      | Pepete the Formicid Fighter began the quest for the Orb.
     0 | D:1      | Reached XP level 1. HP: 18/18 MP: 1/1
   337 | D:1      | Reached XP level 2. HP: 24/24 MP: 2/2
   930 | D:2      | Noticed Sigmund
   934 | D:2      | Reached XP level 3. HP: 15/29 MP: 3/3
   940 | D:2      | Mangled by Sigmund

Illustrated notes

Levels and vault maps discovered:
D:1:      nzn_arrival_depleted_hourglass, layout_loops_ring
D:2:      layout_rooms, shapermc_ecumenical_altar_hornbeckon, minmay_between,
          uniq_sigmund, uniq_robin

Action                   || total
-------------------------++-------
Melee: War axe           ||    47
  Use: Scroll            ||     1
       Potion            ||     1
Armor: Scale mail        ||    16
Dodge: Dodged            ||    25
Block: Buckler           ||     7
